 Dungeon Crawl Stone Soup version 0.22.0 (webtiles) character file.

84 dysrexia the Insei (level 4, -1/38 HPs)
             Began as a Draconian Transmuter on Aug 11, 2018.
             Slain by a worker ant (6 damage)
             ... on level 4 of the Dungeon.
             The game lasted 00:06:40 (2352 turns).

dysrexia the Insei (Draconian Transmuter)           Turns: 2352, Time: 00:06:40

Health: -1/38      AC:  6    Str: 12    XL:     4   Next: 23%
Magic:  6/7        EV: 12    Int: 13    God:
Gold:   179        SH:  0    Dex: 13    Spells: 1/7 levels left

rFire    . . .     SeeInvis .     - Unarmed
rCold    . . .     Gourm    .   (no shield)
rNeg     . . .     Faith    .   (armour unavailable)
rPois    +         Spirit   .   (helmet restricted)
rElec    .         Reflect  .   (no cloak)
rCorr    .         Harm     .   b - +0 pair of gloves
MR       .....                  (no boots)
Stlth    +.........             (no amulet)
HPRegen  0.12/turn              (no ring)
MPRegen  0.10/turn              (no ring)

@: lethally poisoned (-1 -> -3), appendage (expiring)
A: unfitting armour, horns 2, poison resistance, robust 1, cold-blooded, AC +5
a: End Transformation


You were on level 4 of the Dungeon.
You were near starving.
You had grown temporary horns.
You visited 1 branch of the dungeon, and saw 4 of its levels.

You collected 179 gold pieces.

Inventory:

Missiles
 a - 52 arrows
 d - 44 poisoned needles
Armour
 b - a +0 pair of gloves (worn)
Scrolls
 e - a scroll of enchant weapon
 h - 3 scrolls of teleportation
 i - a scroll of identify
 j - a scroll of fog
Potions
 f - a potion of heal wounds {unknown}
 g - 3 potions of might
 k - a potion of curing
 l - a potion of flight {unknown}
Comestibles
 c - 11 rations


   Skills:
 - Level 1.1 Fighting
 - Level 1.7 Dodging
 * Level 5.0 Unarmed Combat
 - Level 2.0 Spellcasting
 + Level 2.2 Transmutations


You had one spell level left.
You knew the following spells:

 Your Spells              Type           Power        Failure   Level  Hunger
a - Beastly Appendage     Tmut           #.....       11%         1    ##.....
b - Sticks to Snakes      Tmut           #.......     16%         2    ###....
c - Spider Form           Tmut/Pois      #.........   43%         3    ####...

Your spell library contained the following spells:

 Spells                   Type           Power        Failure   Level  Hunger
 Blade Hands              Tmut           #.........   96%         5    ######.
 Ice Form                 Ice/Tmut       #.......     85%         4    #####..


Dungeon Overview and Level Annotations

Branches:
Dungeon (4/15)             Temple (0/1) D:4

Altars:


Innate Abilities, Weirdness & Mutations

Your plain brown scales are hard. (AC +5)
You cannot fit into any form of body armour.
You are cold-blooded and may be slowed by cold attacks.
You have a pair of horns on your head.
Your system is resistant to poisons. (rPois)
You are robust. (+10% HP)


Message History

Casting: Beastly Appendage (safe; 11% risk of failure)
Confirm with . or Enter, or press ? or * to list all spells.
You grow a pair of large bovine horns.
You feel sick. The worker ant bites you.
You hit the worker ant but do no damage.
The worker ant is lightly wounded.
The worker ant barely misses you.
You hit the worker ant but do no damage.
The worker ant is lightly wounded.
You feel sick.
The shadow imp shouts, "Decamp, thou craven wibble-sucking pot-faker!"
The worker ant barely misses you.
You hit the worker ant but do no damage.
You headbutt the worker ant, but do no damage.
The worker ant bites you.
* * * LOW HITPOINT WARNING * * *
You barely miss the worker ant. The worker ant barely misses you.
You closely miss the worker ant.
Your transformation is almost over.
You feel sick. The worker ant completely misses you. The worker ant bites you.
You die... >..... ....# .⌠..# .O. #.# .# hh5

#.##.# #h# ##+##..#.#
#†# #........#
#.############........#
#Oh5hha@..............#
##############........#
#........# #........#
########.# ##### #.#
#...# #.## #...# #..#
#...# #..#


You could see an ogre, a worker ant, a shadow imp and 3 jackals.

Vanquished Creatures
  A worker ant (D:4)
  2 adders (D:2)
  An ooze (D:1)
  An adder skeleton (D:4)
  An orc (D:3)
  A ball python (D:1)
  A giant cockroach (D:1)
  6 hobgoblins
  5 bats
  A frilled lizard (D:2)
  8 goblins
  3 kobolds
  5 rats (D:1)
36 creatures vanquished.

Notes
Turn   | Place    | Note
-------+----------+-------------------------------------------
     0 | D:1      | dysrexia the Draconian Transmuter began the quest for the Orb.
     0 | D:1      | Reached XP level 1. HP: 16/16 MP: 3/3
     0 | D:1      | Noticed a troll
     0 | D:1      | Noticed a human
     1 | D:1      | Noticed a dwarf
     1 | D:1      | Noticed a formicid
     3 | D:1      | Noticed a gargoyle
     3 | D:1      | Noticed a felid
     7 | D:1      | Noticed a gargoyle
     8 | D:1      | Noticed a spriggan
     9 | D:1      | Noticed a vampire
    11 | D:1      | Noticed a spriggan
    16 | D:1      | Noticed a dwarf
    16 | D:1      | Noticed a human
    18 | D:1      | Noticed a troll
    18 | D:1      | Noticed a spriggan
    20 | D:1      | Noticed a dwarf
    20 | D:1      | Noticed an octopode
    22 | D:1      | Noticed an ogre
   136 | D:1      | Reached XP level 2. HP: 18/23 MP: 5/5
   348 | D:1      | Reached skill level 4 in Unarmed Combat
   384 | D:1      | Learned a level 2 spell: Sticks to Snakes
   446 | D:1      | Reached XP level 3. HP: 19/28 MP: 6/6
  1220 | D:2      | Learned a level 3 spell: Spider Form
  1693 | D:3      | Gained mutation: Your system is resistant to poisons. (rPois) [potion of mutation]
  1693 | D:3      | Gained mutation: You are robust. (+10% HP) [potion of mutation]
  2322 | D:4      | Found a staircase to the Ecumenical Temple.
  2331 | D:4      | Reached skill level 5 in Unarmed Combat
  2331 | D:4      | Reached XP level 4. HP: 25/38 MP: 5/7
  2331 | D:4      | Noticed an ogre
  2352 | D:4      | Slain by a worker ant

Skill      XL: |  1  2  3 |
---------------+----------+-----
Unarmed Combat | 4 5 |  5.0
Fighting       | |  1.1
Dodging        | |  1.7
Spellcasting   | |  2.0
Transmutations | |  2.2

Action                   |  1- 3 |  4- 6 || total
-------------------------+-------+-------++-------
Melee: Unarmed           |   124 |    13 ||   137
       Kick              |     3 |     1 ||     4
       Tailslap          |    14 |     1 ||    15
       Headbutt          |     1 |     1 ||     2
 Cast: Beastly Appendage |     5 |     1 ||     6
  Use: Scroll            |     8 |       ||     8
       Potion            |     1 |     1 ||     2
  Eat: Chunk             |     3 |       ||     3
Armor: Skin              |    25 |     4 ||    29
Dodge: Dodged            |    73 |     5 ||    78
